 Dungeon Crawl Stone Soup version 0.29-a0-378-gc08b2e8bf8 (webtiles) character file.

Game seed: 2235891655949758582

85 Antichthon the Skirmisher (level 4, -3/29 HPs)
             Began as a Gargoyle Fighter on May 5, 2022.
             Slain by Natasha (7 damage)
             ... on level 2 of the Dungeon.
             The game lasted 00:02:51 (1977 turns).

Antichthon the Skirmisher (Gargoyle Fighter)        Turns: 1977, Time: 00:02:52

Health: -3/29      AC: 13    Str: 20    XL:     4   Next: 48%
Magic:  4/4        EV:  9    Int: 10    God:
Gold:   156        SH:  4    Dex:  9    Spells: 3/3 levels left

rFire   . . .      SeeInvis .   a - +1 flail
rCold   . . .      Faith    .   c - +0 buckler
rNeg    + . .      Spirit   .   b - +0 scale mail
rPois   ∞          Reflect  .   f - +0 helmet
rElec   +          Harm     .   j - +1 cloak
rCorr   .          Rampage  .   (no gloves)
Will    +....                   (no boots)
Stlth   ..........              (no amulet)
HPRegen 0.09/turn               (no ring)
MPRegen 0.09/turn               (no ring)

@: slowed, very slow
A: sickness immunity, AC +3, negative energy resistance 1, electricity
resistance, torment resistance 1, petrification resistance, strong-willed 1,
screaming 1, wild magic 1
a: no special abilities


You were on level 2 of the Dungeon.
You visited 1 branch of the dungeon, and saw 2 of its levels.

You collected 156 gold pieces.

Inventory:

Hand Weapons
 a - a +1 flail (weapon)
Armour
 b - a +0 scale mail (worn)
 c - a +0 buckler (worn)
 f - a +0 helmet (worn)
 j - a +1 cloak (worn)
Jewellery
 e - a +6 ring of strength
Scrolls
 h - a scroll of poison {unknown}
 k - a scroll of vulnerability
Potions
 d - a potion of might
 g - a potion of curing {unknown}
 i - a potion of flight {unknown}


   Skills:
 * Level 3.9 Fighting
 * Level 2.8 Maces & Flails
 * Level 3.8 Armour
 * Level 1.0 Dodging
 * Level 3.5 Shields
 * Level 0.9 Invocations


You had 3 spell levels left.
You didn't know any spells.
Your spell library was empty.

Dungeon Overview and Level Annotations

Branches:
Dungeon (2/15)

Altars:

Annotations:
D:2 Natasha


Innate Abilities, Weirdness & Mutations

You are immune to sickness and miasma.
Your stone body is resilient. (AC +3)
You are immune to poison.
You resist negative energy. (rN+)
You are resistant to electric shocks. (rElec)
You are resistant to unholy torment.
You are immune to petrification.
You are strong-willed. (Will+)
You occasionally shout uncontrollably at your foes.
Your spells are a little harder to cast, but a little more powerful.


Message History

Natasha closely misses you.
You closely miss Natasha.
Natasha is lightly wounded.
The white imp disappears in a puff of smoke!
The crimson imp hits you but does no damage.
Natasha claws you but does no damage.
The crimson imp blinks!
Natasha claws you but does no damage.
You completely miss Natasha.
Natasha is lightly wounded.
Natasha mumbles some strange words.
Natasha casts a spell at you. The magic dart hits you.
* * * LOW HITPOINT WARNING * * *
Unknown command.
Okay, then.
You closely miss Natasha.
Natasha is lightly wounded.
Natasha claws you but does no damage. The crimson imp hits you.
* * * LOW HITPOINT WARNING * * *
Natasha claws you but does no damage.
Unknown command.
You barely miss Natasha.
Natasha is lightly wounded.
You block the crimson imp's attack. The crimson imp closely misses you.
Natasha claws you but does no damage. The crimson imp barely misses you.
The crimson imp hits you.
* * * LOW HITPOINT WARNING * * *
Natasha claws you but does no damage.
Unknown command.
Press: ? - help, v - describe, . - travel
Here: Natasha (lightly wounded)
The floor.
Unknown command.
You sock Natasha!
Natasha is heavily wounded.
You block the crimson imp's attack.
The crimson imp hits you but does no damage.
Natasha claws you but does no damage.
The crimson imp hits you but does no damage. x2
Natasha claws you!
You die...

...##.......# #.# #.#.#
...##.......###### #.# #.#.#
...''.......'....# #.# #.#.#
...##.......####.# #.#####.#.#
#####.........##.# #.....(...#
##<...##..###.##.# #######.###
########..###'##.# #.# ......
#..##....h# #.# ......
#..##...5@############.# ......
.........5.)...#.......#
#######..###....#)###.#.#####.#
#...#.........#.#.# #.# #######
#.#####)#.#.#.# ###
......#.#.#≈.≈≈≈.≈).≈...#
#####.#.#.#...≈..≈....≈≈#########
#.#.#.#.≈≈≈≈≈≈≈≈≈≈≈..........
#.#.#.#..≈≈≈≈≈≈≈≈≈≈..........


You could see Natasha and 2 crimson imps.

Vanquished Creatures
  Natasha (D:2)
  Robin (D:2)
  A worm (D:2)
  3 endoplasms
  5 giant cockroaches
  10 goblins
  6 hobgoblins
  3 ball pythons
  3 bats
  3 frilled lizards (D:1)
  5 kobolds
  3 rats (D:1)
44 creatures vanquished.

Notes
Turn   | Place    | Note
-------+----------+-------------------------------------------
     0 | D:1      | Antichthon the Gargoyle Fighter began the quest for the
                  | Orb.
     0 | D:1      | Reached XP level 1. HP: 14/14 MP: 1/1
   223 | D:1      | Reached XP level 2. HP: 19/19 MP: 2/2
  1209 | D:2      | Reached XP level 3. HP: 24/24 MP: 3/3
  1454 | D:2      | Found a faded altar of an unknown god.
  1470 | D:2      | Noticed Robin
  1491 | D:2      | HP: 1/24 [goblin/+0 club[Robin] (3)]
  1492 | D:2      | Gained mutation: Your spells are a little harder to cast,
                  | but a little more powerful. [potion of mutation]
  1492 | D:2      | Gained mutation: You occasionally shout uncontrollably at
                  | your foes. [potion of mutation]
  1492 | D:2      | Gained mutation: You are strong-willed. (Will+) [potion of
                  | mutation]
  1525 | D:2      | Killed Robin
  1626 | D:2      | Reached XP level 4. HP: 29/29 MP: 4/4
  1708 | D:2      | Noticed Natasha
  1718 | D:2      | Killed Natasha
  1719 | D:2      | Reached skill level 1 in Dodging
  1959 | D:2      | Noticed Natasha
  1977 | D:2      | Slain by Natasha

Illustrated notes

Levels and vault maps discovered:
D:1:      mrwooster_arrival_statue, layout_loops_corners, serial_park_tiny_pond,
          nrook_campfire
D:2:      layout_basic, chequers_ecumenical_altar_island, uniq_natasha,
          uniq_robin

Skill      XL: |  1  2  3  4 |
---------------+-------------+-----
Dodging        | 1 |  1.0
Fighting       | |  3.9
Maces & Flails | |  2.8
Armour         | |  3.8
Shields        | |  3.5
Invocations    | |  0.9

Action                   |  1- 3 |  4- 6 || total
-------------------------+-------+-------++-------
Melee: Flail             |   123 |    25 ||   148
  Use: Scroll            |     7 |     1 ||     8
       Potion            |     2 |       ||     2
Armor: Scale mail        |   102 |    31 ||   133
Dodge: Dodged            |    67 |    13 ||    80
Block: Buckler           |    30 |     4 ||    34

Table legend: (Time is in decaauts)
 A = Elapsed time spent in this place.
 B = Non-inter-level travel time spent in this place.
 C = Inter-level travel time spent in this place.
 D = Time resting spent in this place.
 E = Time spent auto-exploring this place.
 F = Levels seen in this place.
 G = Mean time per level.
                   A        B        C        D        E       F      G
               +--------+--------+--------+--------+--------+-----+--------+
         Total |   2032 |   2018 |     14 |      0 |   1575 |   2 | 1016.0 |
       Dungeon |   2032 |   2018 |     14 |      0 |   1575 |   2 | 1016.0 |
               +--------+--------+--------+--------+--------+-----+--------+

Top non-repeatable levels by time:
     D:2: 1083 daAuts
     D:1: 949 daAuts
